 Dungeon Crawl Stone Soup version 0.25-a0-598-gc9c9e4cfe1 (webtiles) character file.

Game seed: 8343985025371382299, levelgen mode: deterministic

12565 Korbz the Geomancer (level 11, -2/68 HPs)
             Began as a Gargoyle Earth Elementalist on Mar 14, 2020.
             Was a High Priest of Vehumet.
             Slain by a wraith (9 damage)
             ... on level 14 of the Dungeon on Mar 15, 2020.
             The game lasted 02:24:40 (16487 turns).

Korbz the Geomancer (Gargoyle Earth Elementalist)  Turns: 16487, Time: 02:24:45

Health: -2/68      AC: 24    Str: 12    XL:     11   Next: 95%
Magic:  26/33      EV: 13    Int: 21    God:    Vehumet [*****.]
Gold:   636        SH:  0    Dex: 11    Spells: 12/28 levels left

rFire    + . .     SeeInvis .   g - +3 whip (vamp)
rCold    . . .     Gourm    +   (no shield)
rNeg     + . .     Faith    .   M - +0 ring mail {MR+}
rPois    ∞         Spirit   .   u - +0 helmet
rElec    +         Reflect  .   B - +2 cloak {MR+}
rCorr    .         Harm     .   O - +1 pair of gloves
MR       ++...                  w - +0 pair of boots
Stlth    +.........             T - amulet of the gourmand
HPRegen  0.21/turn              Q - ring of the Octopus King {MP+9 AC+1 EV+1 Str+1 Int+1 Dex+1}
MPRegen  0.23/turn              p - ring of protection from fire

@: marked
A: negative energy resistance 1, electricity resistance, unbreathing,
petrification resistance, rot immunity, AC +8
a: Renounce Religion


You were on level 14 of the Dungeon.
You worshipped Vehumet.
Vehumet was extremely pleased with you.
You were very full.

You visited 2 branches of the dungeon, and saw 13 of its levels.

You collected 636 gold pieces.

Inventory:

Hand Weapons
 b - a +1 dagger of venom
 g - a +3 vampiric whip (weapon)
 I - a +2 falchion of freezing
 R - a +2 whip of flaming
 V - a +2 shortbow of flaming
Missiles
 e - 85 bolts
 o - 7 datura-tipped darts (quivered)
 x - 126 arrows
 D - a throwing net
 E - 141 stones
 F - 53 poisoned darts
Armour
 f - +0 acid dragon scales
 k - a scarf of resistance
 s - +0 steam dragon scales
 u - a +0 helmet (worn)
 w - a +0 pair of boots (worn)
 z - +0 swamp dragon scales
 B - a +2 cloak of magic resistance (worn)
 M - a +0 ring mail of magic resistance (worn)
 O - a +1 pair of gloves (worn)
 W - a cursed -2 chain mail
Jewellery
 c - an uncursed ring of ice
 l - a cursed -2 ring of intelligence {unknown}
 m - an uncursed ring of positive energy
 p - a ring of protection from fire (right hand)
 C - an uncursed ring of ice
 P - an uncursed amulet of regeneration
 Q - a ring of the Octopus King (left hand) {MP+9 AC+1 EV+1 Str+1 Int+1 Dex+1}
   (You found it on level 5 of the Dungeon)

   [ring of magical power]

   It affects your AC (+1).
   It affects your evasion (+1).
   It affects your strength (+1).
   It affects your intelligence (+1).
   It affects your dexterity (+1).
   It affects your magic capacity (+9).
 T - an amulet of the gourmand (around neck)
 U - the ring "Yxoj" {MR+ Slay+5, unknown}
   (You found it on level 10 of the Dungeon)

   [ring of protection from magic]

   It affects your accuracy and damage with ranged weapons and melee attacks
   (+5).
   It affects your resistance to hostile enchantments.
Wands
 y - a wand of iceblast (16)
 A - a wand of flame (21)
Scrolls
 n - 2 scrolls of amnesia
 q - 4 scrolls of enchant armour
 v - 4 scrolls of immolation
 G - 5 scrolls of teleportation
 H - a scroll of fear {unknown}
 J - a scroll of fog {unknown}
 K - a scroll of noise {unknown}
 S - 2 scrolls of random uselessness {unknown}
 Y - a scroll of summoning {unknown}
 Z - 2 scrolls of magic mapping {unknown}
Potions
 a - 3 potions of curing
 h - 2 potions of ambrosia
 i - a potion of invisibility
 j - 2 potions of brilliance {unknown}
 r - 3 potions of lignification
 t - 2 potions of flight
 L - a potion of stabbing {unknown}
 N - a potion of heal wounds {unknown}
 X - a potion of mutation {unknown}
Comestibles
 d - 21 rations


   Skills:
 * Level 7.8 Fighting
 - Level 0.7 Long Blades
   Level 0.1 Staves
 - Level 8.0 Armour
 + Level 4.0 Dodging
 - Level 2.7 Stealth
 + Level 9.0 Spellcasting
 + Level 3.7 Conjurations
 - Level 0.1 Necromancy
 * Level 2.1 Translocations
 - Level 5.0 Transmutations
 + Level 11.0 Earth Magic


You had 12 spell levels left.
You knew the following spells:

 Your Spells              Type           Power        Failure   Level  Hunger
a - Sandblast             Erth           ######       1%          1    None
b - Stone Arrow           Conj/Erth      #####.       1%          3    None
c - Petrify               Tmut/Erth      #####...     5%          4    ##.....
d - Lee's Rapid Deconstr  Erth           ######....   1%          5    #####..
e - Blink                 Tloc           N/A          9%          2    None
f - Animate Skeleton      Necr           N/A          13%         1    None

Your spell library contained the following spells:

 Spells                   Type           Power        Failure   Level  Hunger
 Olgreb's Toxic Radiance  Pois           #.......     32%         4    ##.....
 Magic Dart               Conj           ####         1%          1    None
 Passwall                 Tmut/Erth      #####...     1%          2    None
 Conjure Flame            Conj/Fire      ###.....     5%          3    None
 Apportation              Tloc           ###...       6%          1    None
 Mephitic Cloud           Conj/Pois/Air  ##......     7%          3    None
 Corona                   Hex            #......      14%         1    None
 Summon Small Mammal      Summ           #...         14%         1    None
 Gell's Gravitas          Tloc           ###.......   17%         3    None
 Call Imp                 Summ           #.......     22%         2    None
 Slow                     Hex            #.......     22%         2    None
 Yara's Violent Unravell  Hex/Tmut       ###.......   32%         5    #####..
 Confusing Touch          Hex            #.......     38%         3    None
 Metabolic Englaciation   Hex/Ice        #.........   98%         5    #####..


Dungeon Overview and Level Annotations

Branches:
Dungeon (11/15)            Temple (1/1) D:4            Lair (0/6) D:9
    Orc (0/2) D:9

Altars:
Ashenzari
Cheibriados
Dithmenos
Elyvilon
Fedhas
Gozag
Hepliaklqana
Kikubaaqudgha
Makhleb
Nemelex Xobeh
Okawaru
Qazlal
Ru
Sif Muna
Trog
Uskayaw
Vehumet
Wu Jian
Xom
Yredelemnul
Zin
The Shining One

Shops:
D:9 (=%}


Innate Abilities, Weirdness & Mutations

You are resistant to torment.
Your stone body is resilient. (AC +8)
You are immune to poison.
You resist negative energy. (rN+)
You are resistant to electric shocks. (rElec)
You can survive without breathing.
You are immune to petrification.
You are immune to rotting.


Message History

The blast of sand hits the demonic crawler but does no damage.
E - 141 stones The vampire mosquito bites you. x2; The demonic crawler misses you.
The demonic crawler hits you but does no damage. x2
The vampire mosquito bites you.
* * * LOW HITPOINT WARNING * * *
The vampire mosquito bites you but does no damage.
Casting: Sandblast (safe; 1% risk of failure)
Confirm with . or Enter, or press ? or * to list all spells.
Okay, then.
Casting: Sandblast (safe; 1% risk of failure)
Confirm with . or Enter, or press ? or * to list all spells.
Okay, then.
Casting: Sandblast (safe; 1% risk of failure)
Confirm with . or Enter, or press ? or * to list all spells.
You blink.
The demonic crawler hits you!
* * * LOW HITPOINT WARNING * * *
The demonic crawler hits you but does no damage.
The demonic crawler barely misses you. The wraith hits you!
You die...

.#########
.......@s##
.♣...♣.sW♣y#
........|.y.#
.♣...♣^..♣y..#
..............#
.♣...♣...♣...♣.##
.................#
.....♣...♣...♣....#
..................#


You could see 2 demonic crawlers, a wraith and 3 vampire mosquitoes.

Vanquished Creatures
  2 two-headed ogres (D:10)
  Maurice (D:8)
  Joseph (D:8)
  2 kobold demonologists (D:10)
  Maggie (D:6)
  A komodo dragon (D:9)
  A queen bee (D:8)
  A slime creature (D:10)
  2 hippogriffs
  Sigmund (D:6)
  A wraith (D:10)
  4 yaks (D:9)
  2 hungry ghosts
  5 vampire mosquitoes
  2 steam dragons (D:9)
  A soldier ant (D:10)
  An acid dragon (D:14)
  A water moccasin (D:9)
  5 orc warriors
  5 sky beasts
  A black bear (D:7)
  2 necrophages (D:10)
  An eye of draining (D:11)
  2 phantoms
  2 ice beasts (D:8)
  4 ogres
  4 centaurs
  A crocodile (D:7)
  5 big kobolds
  9 bullfrogs
  An elf skeleton (D:4)
  A gnoll sergeant (D:7)
  25 killer bees (D:8)
  3 scorpions
  3 wights (D:8)
  A howler monkey (D:5)
  A centaur zombie (D:5)
  2 quasits
  A hound (D:10)
  A human zombie (D:4)
  2 centaur skeletons
  Crazy Yiuf (D:2)
  A gnoll shaman (D:8)
  9 orc priests
  11 orc wizards
  A bullfrog skeleton (D:10)
  An iguana (D:4)
  Natasha (thrice) (D:2)
  A human skeleton (D:4)
  4 worker ants
  A hound skeleton (D:10)
  2 worker ant zombies
  10 adders
  9 gnolls
  4 shadow imps (D:5)
  4 oozes
  2 adder skeletons
  An adder zombie (D:6)
  5 worms
  2 dart slugs
  3 leopard geckos
  32 orcs
  8 giant cockroaches
  6 goblins
  10 hobgoblins
  7 jackals
  3 quokkas
  A ball python (D:6)
  12 bats
  9 frilled lizards
  31 kobolds
  3 orc skeletons (D:4)
  A quokka zombie (D:9)
  8 rats
318 creatures vanquished.

Vanquished Creatures (collateral kills)
  A big kobold (D:10)
  A kobold (D:10)
2 creatures vanquished.

Vanquished Creatures (others)
  13 fungi (D:9)
  3 plants (D:9)
16 creatures vanquished.

Grand Total: 336 creatures vanquished

Notes
Turn   | Place    | Note
-------+----------+-------------------------------------------
     0 | D:1      | Korbz the Gargoyle Earth Elementalist began the quest for
                  | the Orb.
     0 | D:1      | Reached XP level 1. HP: 10/10 MP: 3/3
   204 | D:1      | Reached skill level 4 in Earth Magic
   204 | D:1      | Reached XP level 2. HP: 15/15 MP: 0/5
   530 | D:1      | Reached XP level 3. HP: 19/19 MP: 2/6
  1347 | D:2      | Found a shadowy altar of Dithmenos.
  1638 | D:2      | Noticed Natasha
  1645 | D:2      | Killed Natasha
  1645 | D:2      | Reached XP level 4. HP: 24/24 MP: 4/8
  1723 | D:2      | Noticed Natasha
  1729 | D:2      | Killed Natasha
  1729 | D:2      | Reached skill level 5 in Earth Magic
  1887 | D:2      | Noticed Natasha
  1898 | D:2      | Killed Natasha
  1898 | D:2      | Reached XP level 5. HP: 28/28 MP: 4/10
  1990 | D:2      | Found an opulent altar of Gozag.
  2089 | D:2      | Found an iron altar of Okawaru.
  2180 | D:2      | Found a runed translucent door.
  2181 | D:2      | Noticed Crazy Yiuf
  2496 | D:2      | Learned a level 3 spell: Stone Arrow
  2906 | D:2      | Killed Crazy Yiuf
  3140 | D:2      | Reached skill level 1 in Fighting
  3996 | D:3      | Reached XP level 6. HP: 35/35 MP: 9/11
  4608 | D:4      | Reached skill level 1 in Armour
  4652 | D:4      | Reached skill level 1 in Conjurations
  4909 | D:4      | Found a staircase to the Ecumenical Temple.
  5006 | Temple   | Entered the Ecumenical Temple
  5064 | Temple   | Became a worshipper of Vehumet
  5161 | D:4      | Noticed a phantom
  5168 | D:4      | Killed a phantom
  5168 | D:4      | Reached skill level 6 in Earth Magic
  5168 | D:4      | Reached XP level 7. HP: 40/40 MP: 6/13
  5221 | D:4      | Found a glowing silver altar of Zin.
  6159 | D:5      | Entered Level 5 of the Dungeon
  6421 | D:5      | Reached XP level 8. HP: 46/46 MP: 10/15
  6703 | D:5      | Found a shattered altar of Ashenzari.
  6800 | D:5      | Reached * piety under Vehumet
  6800 | D:5      | Offered knowledge of Shock by Vehumet.
  6825 | D:5      | Reached skill level 5 in Spellcasting
  6905 | D:5      | Upgraded the game from 0.25-a0-591-g2ad0d861f1 to
                  | 0.25-a0-598-gc9c9e4cfe1
  6924 | D:5      | Found the ring of the Octopus King
  6931 | D:5      | Got a ring of the Octopus King
  7181 | D:5      | Reached skill level 7 in Earth Magic
  7401 | D:5      | Got a bloodstained hunting sling
  8054 | D:5      | Learned a level 4 spell: Petrify
  8060 | D:5      | Learned a level 5 spell: Lee's Rapid Deconstruction
  8287 | D:6      | Noticed Maggie
  8371 | D:6      | Found a basalt altar of Yredelemnul.
  8458 | D:6      | Got a crude turquoise ring
  8471 | D:6      | Noticed Sigmund
  8475 | D:6      | Killed Sigmund
  8475 | D:6      | Reached skill level 1 in Transmutations
  8475 | D:6      | Reached XP level 9. HP: 52/52 MP: 14/17
  8971 | D:6      | Killed Maggie
  9241 | D:7      | Reached skill level 5 in Fighting
  9241 | D:7      | Reached skill level 8 in Earth Magic
  9423 | D:7      | Found a white marble altar of Elyvilon.
  9751 | D:6      | Reached ** piety under Vehumet
  9927 | D:6      | Offered knowledge of Foxfire by Vehumet.
 10401 | D:7      | Found a shimmering altar of Xom.
 11095 | D:7      | Identified a ring of the Octopus King {MP+9 AC+1 EV+1 Str+1
                  | Int+1 Dex+1} (You found it on level 5 of the Dungeon)
 11104 | D:7      | Identified the cursed ring "Wiprec" {rN+ Dex-2} (You found
                  | it on level 6 of the Dungeon)
 11151 | D:8      | Noticed Joseph
 11157 | D:8      | Reached skill level 5 in Armour
 11158 | D:8      | Noticed Maurice
 11161 | D:8      | Offered knowledge of Frozen Ramparts by Vehumet.
 11169 | D:8      | Reached XP level 10. HP: 36/60 MP: 17/20
 11171 | D:8      | HP: 2/60 [orc warrior/boomerang (7)]
 11173 | D:8      | Reached skill level 9 in Earth Magic
 11344 | D:8      | Reached *** piety under Vehumet
 11373 | D:8      | Killed Joseph
 11797 | D:8      | Offered knowledge of Sticky Flame by Vehumet.
 11816 | D:8      | Learned a level 2 spell: Blink
 12006 | D:8      | Reached skill level 10 in Earth Magic
 12087 | D:8      | Killed Maurice
 12871 | D:9      | Found Kyan's Gadget Shoppe.
 12871 | D:9      | Found Hem Reiff's Food Shoppe.
 12871 | D:9      | Found a hide-covered altar of Uskayaw.
 12871 | D:9      | Found a shimmering blue altar of Sif Muna.
 12871 | D:9      | Found a glowing golden altar of the Shining One.
 12909 | D:9      | Found a stormy altar of Qazlal.
 12919 | D:9      | Reached XP level 11. HP: 64/66 MP: 22/22
 12956 | D:9      | Reached **** piety under Vehumet
 13006 | D:9      | Found Ligri's Jewellery Boutique.
 13078 | D:9      | Found a sparkling altar of Nemelex Xobeh.
 13166 | D:9      | Found Fanydum's Antique Weapon Emporium.
 13212 | D:9      | Offered knowledge of Iskenderun's Battlesphere by Vehumet.
 13225 | D:9      | Found an ancient bone altar of Kikubaaqudgha.
 13238 | D:9      | Found a snail-covered altar of Cheibriados.
 13625 | D:9      | Found a staircase to the Orcish Mines.
 13935 | D:9      | Found a staircase to the Lair.
 14238 | D:10     | Entered Level 10 of the Dungeon
 14242 | D:10     | Learned a level 1 spell: Animate Skeleton
 14468 | D:10     | Got a fine lapis lazuli ring
 14949 | D:10     | Found an iron altar of Okawaru.
 15105 | D:10     | Noticed a two-headed ogre
 15111 | D:10     | Noticed a two-headed ogre
 15123 | D:10     | Killed a two-headed ogre
 15123 | D:10     | Reached skill level 1 in Translocations
 15128 | D:10     | Killed a two-headed ogre
 15659 | D:10     | Reached skill level 5 in Transmutations
 15831 | D:10     | Reached ***** piety under Vehumet
 15831 | D:10     | Offered knowledge of Olgreb's Toxic Radiance by Vehumet.
 16005 | D:11     | Reached skill level 11 in Earth Magic
 16424 | D:11     | You fall into a shaft and drop 3 floors!
 16424 | D:14     | Noticed a tengu reaver
 16425 | D:14     | Noticed a green ugly thing
 16425 | D:14     | Noticed a green ugly thing
 16425 | D:14     | Noticed a green ugly thing
 16452 | D:14     | Noticed a green ugly thing
 16463 | D:14     | Noticed a green ugly thing
 16487 | D:14     | Slain by a wraith

Levels and vault maps discovered:
D:1:      wander_arrival_lonely_grave, layout_basic, minmay_small_reverse_x
D:2:      layout_basic, nicolae_overflow_crystal_walls,
          grunt_dithmenos_smoke_and_mirrors, kennysheep_okawaru_gauntlet,
          first_ration, minmay_cut_off, uniq_crazy_yiuf_cottage, uniq_natasha
D:3:      layout_basic
D:4:      layout_basic, kennysheep_little_box, minmay_temple_entry_waves,
          nicolae_ossuary_entry_catacombs
D:5:      kennysheep_big_flooded_room, layout_gridville, ashenzari_altar_1
D:6:      layout_loops_ring, marbit_many_paths, uniq_maggie, uniq_sigmund
D:7:      layout_layer_cave, old_standard_altar, brannock_xom_greatest_gift
D:8:      layout_cave_pools, corner_web_ring, david_nohive_1, uniq_maurice,
          uniq_joseph
D:9:      kennysheep_steamy, layout_irregular_city, slow_altar_1,
          grunt_temple_overflow_open, kiku_gazebo_pond_becter,
          david_lair_shrubbed, basic_altar, serial_shops, shop,
          nicolae_shop_waterfront, shop, nicolae_shop_waterfront,
          nrook_mini_backslash
D:10:     minmay_bloctagon_deflated, layout_loops_corners, basic_altar,
          grunt_ministairs_7, minmay_misc_feat_five
D:11:     layout_basic
D:14:     minmay_containers, layout_long_grid, kennysheep_crisscross,
          einodemon_crawler_minivault
Temple:   dpeg_three_leaves_temple

Skill      XL: |  1  2  3  4  5  6  7  8  9 10 11 |
---------------+----------------------------------+-----
Earth Magic    | 4 5 6 7 8 10 11 | 11.0
Spellcasting   | 3 4 5 6 7 9 |  9.0
Fighting       | 1 2 3 4 5 6 7 |  7.8
Dodging        | 2 3 4 |  4.0
Armour         | 1 2 3 5 6 8 |  8.0
Conjurations   | 1 2 3 |  3.7
Transmutations | 1 2 4 5 |  5.0
Translocations | 2 |  2.1
Long Blades    | |  0.7
Staves         | |  0.1
Stealth        | |  2.7
Necromancy     | |  0.1

Action                   |  1- 3 |  4- 6 |  7- 9 | 10-12 || total
-------------------------+-------+-------+-------+-------++-------
Melee: Short sword       |    12 |    13 |       |       ||    25
       Quarterstaff      |       |    12 |       |       ||    12
       Falchion          |       |    28 |   112 |   152 ||   292
       Whip              |       |       |       |    73 ||    73
 Cast: Sandblast         |    62 |    33 |    77 |    88 ||   260
       Stone Arrow       |       |    36 |    87 |   172 ||   295
       Petrify           |       |       |     1 |     3 ||     4
       Animate Skeleton  |       |       |       |    14 ||    14
       Lee's Rapid Decon |       |       |       |     2 ||     2
       Blink             |       |       |       |     1 ||     1
  Use: Scroll            |       |     2 |     6 |     7 ||    15
       Potion            |       |       |       |     3 ||     3
 Stab: Sleeping          |       |     2 |     1 |     2 ||     5
       Petrified         |       |       |    12 |     6 ||    18
  Eat: Chunk             |     3 |    10 |    13 |    30 ||    56
       Ration            |       |     1 |     3 |       ||     4
Armor: Robe              |     9 |       |       |       ||     9
       Ring mail         |    18 |     7 |       |   258 ||   283
       Skin              |       |    20 |       |       ||    20
       Leather armour    |       |    16 |   115 |    62 ||   193
Dodge: Dodged            |    21 |    64 |   135 |   324 ||   544
       Rpst.: Falchion   |       |     7 |    34 |    53 ||    94

Table legend:
 A = Non-vault XP
 B = Vault XP
 C = Vault XP percentage of total XP
 D = Non-vault monster count
 E = Vault monster count
 F = Vault count percentage of total count
                 A         B        C        D         E       F
            +---------+---------+-------+---------+---------+-------
      Total |   12873 |    5078 |  28.3 |     271 |      49 |  15.3
            +---------+---------+-------+---------+---------+-------
        D:1 |      34 |      13 |  27.7 |      24 |       4 |  14.3
        D:2 |     117 |      79 |  40.3 |      25 |       5 |  16.7
        D:3 |     162 |       0 |   0.0 |      27 |       0 |   0.0
        D:4 |     474 |     165 |  25.8 |      17 |       6 |  26.1
        D:5 |     902 |     175 |  16.2 |      26 |       2 |   7.1
        D:6 |     402 |     583 |  59.2 |      15 |       2 |  11.8
        D:7 |    1098 |       0 |   0.0 |      23 |       0 |   0.0
        D:8 |    2621 |    2187 |  45.5 |      50 |      19 |  27.5
        D:9 |    2009 |     720 |  26.4 |      31 |       4 |  11.4
       D:10 |    4547 |     817 |  15.2 |      30 |       5 |  14.3
       D:11 |     507 |       0 |   0.0 |       3 |       0 |   0.0
       D:14 |       0 |     339 | 100.0 |       0 |       2 | 100.0
            +---------+---------+-------+---------+---------+-------
